AoeStats
← guerras90

Arabia

510358833Analyzed
1v1 RM · 11h ago on Sep 30, 2026· 34m 21s· 2 players
Game mode
Random Map
Map size
Tiny (2 player)
Population
200
Speed
Normal
Resources
Standard
Victory
Conquest
Starting age
Dark Age
Ending age
Imperial Age
RankedLock teamsTeams togetherTeam positionsShared explorationLock speedFull tech treeHidden civsTurbo modeCheats
Victory
Defeat
🇫🇷 Mapuche · France
869
+15
🇪🇸 Malians · Spain
843
-15
guerras90
3:35 Loom
13:13 Feudal Age
18:18 Castle Age
15:53 Man-at-Arms
16:44 Horse Collar
19:11 Long Swordsman
21:29 Scale Mail Armor
23:44 Forging
26:05 Squires
26:29 Pikeman
28:26 Iron Casting
30:54 Pikeman
33:41 Wheelbarrow
33:25 Elite Skirmisher
34:24 Fletching
Avelio
7:57 Loom
10:15 Feudal Age
11:36 Double-Bit Axe
14:14 Champi Runner
14:57 Scale Mail Armor
15:07 Forging
17:44 Wheelbarrow
17:34 Arson
21:14 Castle Age
22:48 Bow Saw
22:29 Gold Mining
22:22 Horse Collar
22:58 Padded Archer Armor
22:48 Fletching
26:17 Leather Archer Armor
25:57 Bodkin Arrow
30:03 Stone Mining
Connection lost

Rejoining the realm…

Still unreachable

The connection could not be restored.

Session expired

The server has moved on; the page needs a fresh start.